 Dungeon Crawl Stone Soup version 0.31-a0-102-g33a4ccc0cb (webtiles) character file.

Game seed: 17296259389997481195

100065 Zonian the Warrior (level 16, -13/177 HPs)
             Began as a Tengu Reaver on May 26, 2023.
             Was a Priest of Ashenzari.
             Mangled by a naga
             ... wielding a +0 great sword
              (14 damage)
             ... on level 1 of the Snake Pit.
             The game lasted 02:23:31 (50258 turns).

Zonian the Warrior (Tengu Reaver)                  Turns: 50258, Time: 02:23:31

Health: -13/177    AC: 28    Str: 26    XL:     16   Next: 26%
Magic:  0/29       EV: -1    Int: 20    God:    Ashenzari [***...]
Gold:   1277       SH:  0    Dex: 12    Spells: 21/32 levels left

rFire   . . .        G - +4 scimitar (freeze)
rCold   . . .        (no shield)
rNeg    . . .        T - melded +5 ring mail "Failapta" {rPois Will++ Dex-2}
rPois   +            (helmet currently unavailable)
rElec   .            x - melded +0 cloak "Share My Stoicism" {Evo, Melee} (curse)
rCorr   .            F - melded +2 pair of gloves of Ashenzari's Regret {Evo, Melee} (curse)
SInv    +            (boots unavailable)
Will    +....        M - amulet of Ashenzari's Vision {Spirit, Fort, Self} (curse)
Stlth   ++++         Z - ring "Fuupu" {Fly Str+5}
HPRegen 0.49/turn    N - ring of Ashenzari's Malaise {Int+6, Comp, Range} (curse)
MPRegen 0.21/turn

%: clarity, guardian spirit
@: tree-form, slowed, constricted, studying 2 skills, very slow
A: stationary, stasis, torment immunity, boosted hp, (beak), (talons 3), nimble
flight
a: Renounce Religion, Shatter the Chains


You were on level 1 of the Snake Pit.
You worshipped Ashenzari.
Ashenzari was most pleased with you.
You were a tree.
You visited 4 branches of the dungeon, and saw 23 of its levels.

You collected 2633 gold pieces.
You spent 1356 gold pieces at shops.

Inventory:

Hand Weapons
 l - a +2 short sword of holy wrath
 q - a +4 trident of flaming
 r - a +0 scimitar of flaming
 u - a +3 short sword of venom
 A - a +1 longbow of flaming
 B - a +0 orcbow of flaming
 G - a +4 scimitar of freezing (weapon)
 J - a +1 falchion of electrocution
 V - the +2 shortbow "Sarololue" {flame, Contam rCorr Int+4}
   (You found it on level 13 of the Dungeon)

   Int:       It affects your intelligence (+4).
   Contam:    It causes magical contamination when unequipped.
   rCorr:     It protects you from acid and corrosion.
Missiles
 b - 2 silver boomerangs
 p - 42 poisoned darts
 O - 8 atropa-tipped darts
 Q - 7 boomerangs
 S - 23 javelins
Armour
 a - a +0 leather armour
 f - an orb of light
 g - a +0 chain mail of poison resistance
 x - the cursed +0 cloak "Share My Stoicism" (melded) {Evo, Melee}
   (You took it off Crazy Yiuf on level 4 of the Dungeon)

   It has a curse which improves the following skills: Evocations: Evocations.
   Melee Combat: Short Blades, Long Blades, Axes, Maces & Flails, Polearms,
   Staves and Unarmed Combat.
 y - +0 steam dragon scales
 D - a +0 kite shield
 F - the cursed +2 pair of gloves of Ashenzari's Regret (melded) {Evo, Melee}
   (You found it on level 8 of the Dungeon)

   It has a curse which improves the following skills: Evocations: Evocations.
   Melee Combat: Short Blades, Long Blades, Axes, Maces & Flails, Polearms,
   Staves and Unarmed Combat.
 L - a +0 helmet
 T - the +5 ring mail "Failapta" (melded) {rPois Will++ Dex-2}
   (You bought it in a shop on level 8 of the Dungeon)

   Dex:       It affects your dexterity (-2).
   rPois:     It protects you from poison.
   Will:      It greatly increases your willpower.
Magical Staves
 E - a staff of conjuration
Jewellery
 I - an amulet of magic regeneration
 M - the cursed amulet of Ashenzari's Vision (around neck) {Spirit, Fort, Self}
   (You found it on level 12 of the Dungeon)

   [amulet of guardian spirit]

   It causes incoming damage to be divided between your reserves of health and
   magic.
   It has a curse which improves the following skills: Fortitude: Armour and
   Shields.
   Introspection: Fighting and Spellcasting.
 N - the cursed ring of Ashenzari's Malaise (right branch) {Int+6, Comp, Range}
   (You found it on level 2 of the Lair of Beasts)

   [ring of intelligence]

   Int:       It affects your intelligence (+6).
   It has a curse which improves the following skills: Companions: Summonings
   and Necromancy.
   Ranged Combat: Ranged Weapons and Throwing.
 W - a ring of protection from fire
 Z - the ring "Fuupu" (left branch) {Fly Str+5}
   (You found it on level 1 of the Snake Pit)

   [ring of flight]

   Str:       It affects your strength (+5).
   Fly:       It grants you flight.
Wands
 e - a wand of charming (7)
 i - a wand of digging (4)
 v - a wand of roots (4)
 C - a wand of flame (28)
 X - a wand of light (5)
Scrolls
 k - 3 scrolls of magic mapping
 m - 4 scrolls of silence
 K - 4 scrolls of enchant armour
 Y - a scroll of blinking
Potions
 c - 3 potions of heal wounds
 d - a potion of haste
 h - 6 potions of curing
 o - 2 potions of cancellation
 s - 5 potions of mutation
 z - 2 potions of brilliance
 P - 2 potions of enlightenment
Miscellaneous
 t - a condenser vane (inert)
 H - a phial of floods
 R - a lightning rod (2/4)
 U - a box of beasts (inert)


   Skills:
 + Level 18.7(20.0) Fighting
 - Level 10.0(11.4) Short Blades
 - Level 8.9(10.9) Long Blades
 + Level 10.9(12.4) Ranged Weapons
 + Level 10.7(12.1) Armour
 - Level 7.6 Dodging
 - Level 8.7 Stealth
 - Level 4.0 Unarmed Combat
 + Level 7.4(8.9) Spellcasting
 - Level 8.0 Conjurations
 - Level 10.6(12.0) Necromancy
 + Level 1.9 Air Magic
 + Level 1.4 Poison Magic


You had 21 spell levels left.
You knew the following spells:

 Your Spells              Type           Power      Damage    Failure   Level
a - Kiss of Death         Conj/Necr      100%       2d13      1%          1
b - Vampiric Draining     Necr           55%        2d9       1%          3
c - Animate Dead          Necr           55%        N/A       1%          4
d - Mephitic Cloud        Conj/Pois/Air  18%        N/A       9%          3

Your spell library contained the following spells:

 Spells                   Type           Power      Damage    Failure   Level
 Magic Dart               Conj           100%       1d8       1%          1
 Necrotise                Necr           100%       1d9       1%          1
 Sublimation of Blood     Necr           55%        N/A       1%          2
 Agony                    Necr           55%        N/A       1%          5
 Momentum Strike          Conj/Tloc      40%        3d9       3%          2
 Hailstorm                Conj/Ice       20%        3d6       7%          3
 Stone Arrow              Conj/Erth      40%        3d9       7%          3
 Beastly Appendage        Tmut           16%        N/A       8%          1
 Sandblast                Erth           16%        2d6       8%          1
 Slow                     Hex            32%        N/A       8%          1
 Death Channel            Necr           27%        N/A       9%          6
 Sting                    Tmut/Pois      28%        1d4       10%         1
 Anguish                  Hex/Necr       14%        N/A       10%         4
 Call Imp                 Summ           18%        N/A       11%         2
 Wereblood                Tmut           8%         N/A       12%         2
 Ensorcelled Hibernation  Hex/Ice        8%         N/A       19%         2
 Passwall                 Tmut/Erth      3%         N/A       19%         2
 Call Canine Familiar     Summ           9%         N/A       22%         3
 Confusing Touch          Hex            8%         N/A       24%         3
 Ozocubu's Armour         Ice            8%         N/A       24%         3
 Vhi's Electric Charge    Tloc/Air       16%        N/A       24%         3
 Flame Wave               Conj/Fire      20%        2d7       24%         4
 Sticky Flame             Conj/Fire      20%        2d4       24%         4
 Spider Form              Tmut/Pois      7%         N/A       28%         3
 Borgnjor's Vile Clutch   Necr/Erth      14%        N/A       28%         5
 Inner Flame              Hex/Fire       4%         N/A       36%         3
 Portal Projectile        Hex/Tloc       8%         N/A       36%         3
 Arcjolt                  Conj/Air       12%        1d22      41%         5
 Irradiate                Conj/Tmut      10%        3d15      54%         5
 Manifold Assault         Tloc           8%         N/A       61%         4
 Summon Lightning Spire   Summ/Air       8%         N/A       61%         4
 Leda's Liquefaction      Hex/Erth       2%         N/A       77%         4
 Petrify                  Tmut/Erth      4%         N/A       77%         4
 Silence                  Hex/Air        4%         N/A       92%         5
 Dispersal                Tloc           4%         N/A       100%        6
 Ozocubu's Refrigeration  Ice            4%         4d8       100%        7
 Storm Form               Tmut/Air       4%         N/A       100%        7
 Disjunction              Tloc           4%         N/A       100%        8
 Maxwell's Capacitive Co  Air            8%         ∞         100%        8


Dungeon Overview and Level Annotations

Branches:
Dungeon (15/15)            Temple (0/1) D:5            Lair (5/5) D:9
  Swamp (0/4) Lair:2        Snake (1/4) Lair:2        Slime (0/5) Lair:4
    Orc (2/2) D:10            Elf (0/3) Orc:2        Vaults (0/5) D:14
 Depths (0/4) D:15

Altars:
Ashenzari
Cheibriados
Fedhas
Kikubaaqudgha
Makhleb
Qazlal
Ru
Yredelemnul
Jiyva

Shops:
D:5 [   D:6 [   D:8 *   D:15 *   Orc:2 *[:(*   Snake:1 *(

Portals:
Hell: Lair:5
Abyss: D:7

Annotations:
D:7 2 transporters, porpoise's ghost, novice KoHu
D:10 exclusion: oklob sapling


Innate Abilities, Weirdness & Mutations

You are a tree.
Your roots penetrate the ground, keeping you stationary.
You cannot be teleported.
You are immune to unholy pain and torment.
Your maximum health is greatly increased.
Your equipment is partially melded.
((You have a beak for a mouth.))
((You have claws for feet.))
Your magical nature lets you fly swiftly and evasively.


Message History

You feel very sick.
The black mamba bites you but does no damage.
The guardian serpent hits you!
* * * LOW HITPOINT WARNING * * *
The naga hits you with a +0 great sword.
* * * LOW HITPOINT WARNING * * *
The naga constricts you. The naga mage spits poison at you.
The splash of poison hits you but does no damage.
You are more poisoned.
You resist.
The salamander hits you with a +0 spear of venom.
* * * LOW HITPOINT WARNING * * *
You are engulfed in flames!
* * * LOW HITPOINT WARNING * * *
The black mamba bites you!
* * * LOW HITPOINT WARNING * * *
The naga spits poison at you.
The splash of poison hits you but does no damage.
You resist.
The guardian serpent hits you but does no damage.
The naga spits poison at you.
The splash of poison hits you but does no damage.
You resist. The naga constricts you.
* * * LOW HITPOINT WARNING * * *
The naga mage hits you but does no damage.
Okay, then.
Okay, then.
Okay, then.
You feel better.
The black mamba bites you but does no damage.
The guardian serpent casts a spell at you.
The bolt of poison hits you. You resist.
* * * LOW HITPOINT WARNING * * *
The bolt of poison hits the naga mage.
The naga mage is poisoned.
The black mamba bites you!
* * * LOW HITPOINT WARNING * * *
The naga hits you but does no damage.
The naga hits you with a +0 great sword!
You die...

###..## ,, *
##...## ,, * ,
##....#, ,, , ,
##.....# , , ,
##†..##.#, ,
###...###### , * ,
##.....# ##.#* ,, ,
##....#####SN###'##
* ##...###
##N♣S.[.... ,
#...## ##.N.#......
,, ####...#
###..N## ..§.. , ,
#......###....## *
#'##
##.#'##.##....## ,
.# #..#[[#......##
*, . * ,
#..#..#...).## *, ,
...####....## ### ,
, * .........###
###.#{ , ,,* ,,,,


You could see a salamander (confused), a guardian serpent, a black mamba
(curare), a naga mage (poisoned, catching breath) and 2 nagas.

Vanquished Creatures
  Jorgrun (Orc:1)
  An orc warlord (Orc:2)
  Nessos (D:14)
  Josephine (Lair:4)
  A rakshasa (D:15)
  8 hydras
  8 two-headed ogres
  5 centaur warriors
  6 boulder beetles
  A catoblepas (Lair:5)
  A tengu warrior (D:15)
  An anaconda (Snake:1)
  3 naga warriors
  Urug (D:14)
  3 death yaks
  2 orc high priests (Orc:2)
  A sun demon (Lair:5)
  A fire crab (D:9)
  A fire crab (shapeshifter) (D:12)
  4 skeletal warriors
  Lodul (D:14)
  A glowing orange brain (D:15)
  2 lindwurms (Lair:5)
  3 deep elf pyromancers
  2 wizards
  A mana viper (Snake:1)
  19 ugly things
  3 cyclopes
  4 orc knights
  6 manticores
  4 orc sorcerers
  2 guardian serpents (Snake:1)
  12 elephants
  8 black mambas
  A gargoyle (D:11)
  12 cane toads
  A torpor snail (Lair:4)
  2 unseen horrors
  6 rime drakes
  6 unseen horror zombies (D:9)
  A yaktaur (shapeshifter) (D:14)
  11 komodo dragons
  A kobold demonologist (D:11)
  An efreet (D:14)
  3 ice devils (Lair:5)
  A freezing wraith (D:14)
  A hellwing (Lair:5)
  A tengu conjurer (D:15)
  2 polar bears
  7 trolls
  6 meliai
  A troll (shapeshifter) (D:15)
  2 tyrant leeches (Lair:2)
  5 blink frogs
  A hornet (D:10)
  A tarantella (shapeshifter) (D:12)
  A dream sheep (shapeshifter) (D:15)
  9 slime creatures
  2 shadows (D:11)
  6 wraiths
  3 vampires
  A hog (shapeshifter) (D:13)
  22 yaks
  4 basilisks
  A minotaur simulacrum (D:14)
  15 humans (D:14)
  2 steam dragons
  6 vampire mosquitoes
  2 swamp worms (Lair:2)
  10 nagas
  2 acid dragons
  6 wargs
  16 water moccasins
  4 hell hounds (Lair:5)
  Duvessa (D:6)
  An ice beast (D:6)
  22 orc warriors
  7 centaurs
  4 black bears
  4 wolves (Lair:2)
  4 ogres
  A phantom (D:7)
  Blork the orc (Orc:2)
  2 kobold brigands
  8 bullfrogs
  7 scorpions
  A gnoll sergeant (D:8)
  A wyvern zombie (D:9)
  20 wights
  Dowan (D:6)
  14 killer bees
  A lindwurm simulacrum (D:14)
  5 electric eels (D:10)
  7 howler monkeys
  2 centaur zombies (D:9)
  3 gnoll boudas
  2 hounds
  12 orc priests
  Crazy Yiuf (D:4)
  4 jellies
  A sleepcap (D:5)
  3 iguanas
  21 orc wizards
  5 hell rats (Lair:4)
  A howler monkey zombie (D:9)
  14 adders
  18 gnolls
  4 white imps
  2 ufetubi
  4 dart slugs
  68 orcs
  6 endoplasms
  2 giant cockroaches (D:1)
  10 hobgoblins
  2 jackals (D:1)
  5 quokkas
  12 ball pythons
  8 bats
  4 frilled lizards
  5 goblins
  18 kobolds
  7 rats
660 creatures vanquished.

Vanquished Creatures (collateral kills)
  An ogre mage (D:15)
  An orc knight (Orc:2)
  A wizard (D:15)
  An ice devil (Lair:5)
  A warg (Orc:2)
  A hell hound (Lair:5)
  2 orcs
8 creatures vanquished.

Vanquished Creatures (others)
  An ugly thing zombie (D:15)
  3 centaur zombies (D:14)
  A dire elephant simulacrum (D:14)
  2 minotaur simulacra (D:14)
  An ogre zombie (D:15)
  4 two-headed ogre zombies (D:15)
  A manticore zombie (D:15)
  A vampire mosquito zombie (D:14)
  A troll zombie (Orc:2)
  2 lindwurm simulacra (D:14)
  A howler monkey (D:13)
  A human zombie (D:14)
  10 orc zombies (Orc:2)
29 creatures vanquished.

Grand Total: 697 creatures vanquished

Notes
Turn   | Place    | Note
-------+----------+-------------------------------------------
     0 | D:1      | Zonian the Tengu Reaver began the quest for the Orb.
     0 | D:1      | Reached XP level 1. HP: 12/12 MP: 4/4
   113 | D:1      | Reached XP level 2. HP: 15/17 MP: 6/6
   493 | D:1      | Reached XP level 3. HP: 21/21 MP: 7/7
  1153 | D:2      | Found a faded altar of an unknown god.
  1387 | D:2      | Prayed at the altar of an unknown god.
  1387 | D:2      | Became a worshipper of Ashenzari the Shackled
  1468 | D:2      | Reached XP level 4. HP: 22/27 MP: 8/8
  1959 | D:3      | Reached * piety under Ashenzari
  2098 | D:3      | Found a burning altar of Makhleb.
  2555 | D:3      | Found a snail-covered altar of Cheibriados.
  2555 | D:3      | Found a blossoming altar of Fedhas.
  2769 | D:4      | Found a basalt altar of Yredelemnul.
  2777 | D:4      | Gained mutation: Your magical nature lets you fly swiftly
                  | and evasively. [Tengu growth]
  2777 | D:4      | Reached XP level 5. HP: 24/32 MP: 10/10
  3354 | D:4      | Reached skill level 1 in Stealth
  3362 | D:4      | Reached skill level 3 in Fighting
  3442 | D:4      | Reached skill level 1 in Short Blades
  3462 | D:4      | Reached XP level 6. HP: 29/38 MP: 11/11
  3866 | D:4      | Found a runed translucent door.
  3867 | D:4      | Noticed Crazy Yiuf
  3879 | D:4      | Killed Crazy Yiuf
  3887 | D:4      | Reached ** piety under Ashenzari
  4118 | D:5      | Entered Level 5 of the Dungeon
  4146 | D:5      | Noticed a black bear
  4153 | D:5      | Killed a black bear
  4154 | D:5      | Reached skill level 4 in Fighting
  4169 | D:5      | Found a sacrificial altar of Ru.
  4211 | D:5      | Found a staircase to the Ecumenical Temple.
  4293 | D:5      | Reached XP level 7. HP: 27/44 MP: 13/13
  4649 | D:5      | Found Sanketob's Armour Emporium.
  4712 | D:5      | Reached skill level 5 in Fighting
  5087 | D:5      | Reached skill level 5 in Short Blades
  5087 | D:5      | Reached XP level 8. HP: 48/52 MP: 14/14
  5488 | D:6      | Reached skill level 6 in Fighting
  5712 | D:6      | Identified the +2 pair of boots "Wiemiufa" {rCorr Int+2
                  | Dex+4}
  5752 | D:6      | Found Kabloum's Armour Boutique.
  5957 | D:6      | Reached skill level 7 in Fighting
  6210 | D:6      | Noticed Duvessa
  6487 | D:6      | Found a broken altar of Ashenzari.
  6589 | D:6      | Noticed Dowan
  6596 | D:6      | Killed Duvessa
  6597 | D:6      | Reached XP level 9. HP: 56/60 MP: 15/15
  6605 | D:6      | Killed Dowan
  6871 | D:7      | Found a transporter.
  6873 | D:7      | Found a transporter.
  7162 | D:7      | Reached skill level 8 in Fighting
  7230 | D:7      | Noticed a cane toad
  7231 | D:7      | Found a one-way gate to the infinite horrors of the Abyss.
  7231 | D:7      | Noticed porpoise's ghost (novice KoHu)
  7231 | D:7      | Identified the +1 whip "Qianic" {drain, rF++ rN+++ MP+9
                  | Str-2}
  7540 | D:7      | Noticed a meliai
  7669 | D:7      | Found an ancient bone altar of Kikubaaqudgha.
  8191 | D:7      | Noticed an anaconda
  8202 | D:7      | an anaconda changed into an alligator
  8202 | D:7      | Noticed an alligator (shapeshifter)
  8203 | D:7      | an alligator changed into a bunyip
  8203 | D:7      | Noticed a bunyip (shapeshifter)
  8242 | D:7      | Noticed a tyrant leech
  8243 | D:7      | a tyrant leech changed into a five-headed hydra
  8243 | D:7      | Noticed a five-headed hydra (shapeshifter)
  8790 | D:8      | Reached skill level 9 in Fighting
  9236 | D:8      | Found Ydyan's General Store.
  9242 | D:8      | Bought a ring of poison resistance for 200 gold pieces
  9242 | D:8      | Bought a scroll of blinking for 75 gold pieces
  9242 | D:8      | Bought a potion of heal wounds for 50 gold pieces
  9484 | D:8      | Reached XP level 10. HP: 27/68 MP: 16/16
  9945 | D:8      | Reached skill level 10 in Short Blades
 10716 | D:9      | Noticed a two-headed ogre
 10737 | D:9      | Killed a two-headed ogre
 10738 | D:9      | Reached skill level 10 in Fighting
 11022 | D:9      | Reached *** piety under Ashenzari
 11148 | D:9      | Reached skill level 11 in Fighting
 11634 | D:9      | Found a staircase to the Lair.
 11635 | D:9      | Noticed a fire crab
 11864 | D:9      | Reached skill level 12 in Fighting
 12365 | D:9      | Reached XP level 11. HP: 72/80 MP: 17/17
 12575 | D:9      | Reached skill level 1 in Long Blades
 12575 | D:9      | Reached skill level 1 in Armour
 12864 | Lair:1   | Entered Level 1 of the Lair of Beasts
 14116 | Lair:1   | Reached skill level 13 in Fighting
 14511 | Lair:1   | Reached skill level 5 in Dodging
 15808 | Lair:2   | Noticed an ice dragon
 15923 | Lair:2   | Reached skill level 1 in Ranged Weapons
 17309 | Lair:2   | Found a staircase to the Snake Pit.
 18094 | Lair:2   | Found a staircase to the Swamp.
 19165 | Lair:3   | Reached skill level 1 in Necromancy
 19165 | Lair:3   | Reached XP level 12. HP: 77/86 MP: 18/18
 19298 | Lair:3   | Identified a scroll of acquirement
 19310 | Lair:3   | Reached skill level 5 in Stealth
 19310 | Lair:3   | Reached skill level 5 in Conjurations
 19313 | Lair:3   | Noticed a death yak
 19313 | Lair:3   | Noticed a death yak
 19320 | Lair:3   | Acquired a manual of Fighting
 19539 | Lair:3   | Noticed a death yak
 19540 | Lair:3   | Noticed a death yak
 19583 | Lair:3   | Noticed a death yak
 20081 | Lair:3   | Noticed a five-headed hydra
 20101 | Lair:3   | Killed a five-headed hydra
 20551 | Lair:3   | Reached skill level 5 in Ranged Weapons
 20551 | Lair:3   | Reached skill level 5 in Armour
 21192 | Lair:4   | Noticed Josephine
 21192 | Lair:4   | Noticed a boulder beetle
 21272 | Lair:4   | Killed a boulder beetle
 21521 | Lair:4   | Killed Josephine
 21522 | Lair:4   | Reached skill level 14 in Fighting
 21786 | Lair:4   | Identified the +7 chain mail of Dithmenos, Flying {rF+
                  | Dex+2}
 22728 | Lair:4   | Noticed a four-headed hydra
 23337 | Lair:4   | Killed a four-headed hydra
 23372 | Lair:4   | Found a staircase to the Slime Pits.
 23373 | Lair:4   | Found a viscous altar of Jiyva.
 23638 | Lair:4   | Reached XP level 13. HP: 69/93 MP: 19/19
 23653 | Lair:4   | Learned a level 3 spell: Vampiric Draining
 23658 | Lair:4   | Learned a level 4 spell: Animate Dead
 24065 | Lair:5   | Entered Level 5 of the Lair of Beasts
 26503 | Lair:5   | Reached skill level 5 in Necromancy
 27713 | Lair:5   | Reached skill level 15 in Fighting
 29337 | Lair:5   | Found a burning altar of Makhleb.
 29371 | Lair:5   | Found a gateway to Hell.
 29508 | Lair:5   | Reached skill level 10 in Ranged Weapons
 31725 | Lair:1   | Reached XP level 14. HP: 70/99 MP: 18/18
 32337 | D:10     | Entered Level 10 of the Dungeon
 32337 | D:10     | Found a stormy altar of Qazlal.
 32936 | D:10     | Identified Ithoek's Almanac of Nature
 33615 | D:10     | Found a staircase to the Orcish Mines.
 33684 | D:10     | Reached skill level 16 in Fighting
 36456 | D:12     | Reached skill level 5 in Long Blades
 37391 | D:12     | Identified the Discourse on Feathery Pyromania
 38531 | D:13     | Identified the +2 shortbow "Sarololue" {flame, Contam rCorr
                  | Int+4}
 39524 | D:14     | Noticed Lodul
 39524 | D:14     | Noticed Urug
 39524 | D:14     | Noticed Nessos
 39524 | D:14     | Found a gate to the Vaults.
 39764 | D:14     | Killed Nessos
 39765 | D:14     | Reached skill level 17 in Fighting
 39765 | D:14     | Reached skill level 5 in Spellcasting
 39767 | D:14     | Reached **** piety under Ashenzari
 39874 | D:14     | Killed Urug
 40158 | D:14     | Found a frozen archway.
 40252 | D:14     | Reached XP level 15. HP: 52/110 MP: 9/26
 40695 | D:14     | Killed Lodul
 42440 | D:15     | Entered Level 15 of the Dungeon
 43829 | D:15     | Found Onum's Blood Bar.
 44036 | D:15     | Reached skill level 18 in Fighting
 44215 | D:15     | Reached skill level 10 in Necromancy
 45097 | D:15     | Found a staircase to the Depths.
 45106 | D:15     | Reached skill level 10 in Armour
 45607 | Orc:1    | Entered Level 1 of the Orcish Mines
 46238 | Orc:2    | Entered Level 2 of the Orcish Mines
 46548 | Orc:2    | Found Haustrab's CLEARANCE SALE!.
 46800 | Orc:2    | Noticed Blork the orc
 46817 | Orc:2    | Killed Blork the orc
 46864 | Orc:2    | Your ally Blork died
 46896 | Orc:2    | Noticed an orc warlord
 47432 | Orc:2    | Reached XP level 16. HP: 98/118 MP: 25/29
 47518 | Orc:2    | Found Mofikhyma's Antique Weapon Shoppe.
 48024 | Orc:2    | Found Rupuodd's Antique Armour Shoppe.
 48029 | Orc:2    | Found Unaix's General Store.
 48030 | Orc:2    | Found a staircase to the Elven Halls.
 48037 | Orc:2    | Bought a potion of curing for 45 gold pieces
 48048 | Orc:2    | Found Qobea's Book Shoppe.
 48314 | Orc:1    | Noticed Jorgrun
 48346 | Orc:1    | Killed Jorgrun
 48498 | Orc:2    | Bought a book of Minor Magic for 216 gold pieces
 48502 | Orc:2    | Learned a level 3 spell: Mephitic Cloud
 48665 | D:8      | Bought the +5 ring mail "Failapta" {rPois Will++ Dex-2} for
                  | 500 gold pieces
 48831 | Snake:1  | Entered Level 1 of the Snake Pit
 49526 | Snake:1  | Found Qaoqach's Assorted Antiques.
 49542 | Snake:1  | Bought a scroll of blinking for 270 gold pieces
 49584 | Snake:1  | Found Omucs's Weapon Boutique.
 49601 | Snake:1  | Identified the ring "Fuupu" {Fly Str+5}
 49612 | Snake:1  | Reached skill level 1 in Air Magic
 49696 | Snake:1  | Reached skill level 1 in Poison Magic
 50242 | Snake:1  | Identified the +6 leather armour of Fucuat {Fly rC- Str-5
                  | Stlth+}
 50258 | Snake:1  | HP: 1/177 [black mamba (10)]
 50258 | Snake:1  | Mangled by a naga

Illustrated notes

Levels and vault maps discovered:
D:1:      minmay_arrival_shoal_huts, layout_basic, minmay_hexomino_u4
D:2:      layout_basic, shapermc_ecumenical_altar_starsandcircs
D:3:      layout_basic, bloody_makhleb, gammafunk_temple_overflow_wave
D:4:      layout_cave_pools, mainiacjoe_overflow_concentric_impassable,
          uniq_crazy_yiuf_cottage
D:5:      layout_basic, nicolae_ru_awakened_eye, minmay_temple_entry_waves,
          serial_shops, kennysheep_mini
D:6:      layout_basic, nicolae_overflow_hidden_temple, serial_shops,
          nicolae_shop_tiny_statue_garden, chequers_garden, uniq_duvessa
D:7:      layout_basic, nicolae_kikubaaqudgha_miasma_corner,
          gammafunk_ghost_abyssal_escape, grunt_ministairs_4
D:8:      layout_cave_pods, serial_shops, shop
D:9:      layout_roguey, minmay_lair_entry_lava, serial_undead, serial_undead_f,
          serial_undead_d, serial_undead_b, serial_undead_a, serial_undead_e,
          serial_undead_a
D:10:     layout_basic, mainiacjoe_overflow_tiny_flanked, hiddenorc1_lemuel,
          grunt_decor_mini_mirrors, introduction_to_nature_2
D:11:     layout_basic, hangedman_decor_opposing, glass_columns_a,
          minmay_fractal_squares_gapless_7
D:12:     layout_rooms
D:13:     layout_basic, small_statue_intersection
D:14:     layout_roguey, david_vaults_3, dk_noncrumbling_2,
          portal_ice_cave_entry_ice_simulacra, minmay_misc_feat_ornament
D:15:     gammafunk_enter_depths_forms, layout_layer_cave,
          minmay_misc_feat_rows, serial_bayou_pond_e, guppyfry_shop_blood
Lair:1:   layout_cave_pods
Lair:2:   dragon1_lemuel, layout_regular_city, minmay_swamp_entry_worms,
          minmay_snake_entry_guardpost_medium, grunt_megastairs_1
Lair:3:   layout_long_grid, special_room [special_room_bee], lemuel_fruit_tree
Lair:4:   layout_roguey, slime_entry_1, chequers_serial_rivers_room_a,
          beast_lair_carwin_11, uniq_josephine, uniq_urug
Lair:5:   evil_forest, layout_cave_shapes
Snake:1:  kennysheep_six_static_rooms, layout_onion, serial_shops,
          nicolae_shop_window_shopping, nicolae_shop_bloodbath_and_beyond,
          nicolae_shop_tiny_real_fake_doors, nicolae_lakefront_shop,
          nicolae_shop_scrapyard, nrook_guardian_serpent_ordinary
Orc:1:    layout_caves, uniq_jorgrun
Orc:2:    grunt_orc_cross, layout_caves, nicolae_shop_clearance

Skill      XL: |  1  2  3  4  5  6  7  8  9 10 11 12 13 14 15 16 |
---------------+-------------------------------------------------+-----
Dodging        | 3 5 7 |  7.6
Unarmed Combat | 4 |  4.0
Stealth        | 2 4 6 8 |  8.7
Fighting       | 3 4 5 7 9 12 13 14 15 17 18 | 18.7
Short Blades   | 1 3 5 7 9 10 | 10.0
Long Blades    | 3 6 8 |  8.9
Armour         | 4 6 8 10 | 10.7
Ranged Weapons | 3 7 10 | 10.9
Necromancy     | 1 4 6 8 10 | 10.6
Conjurations   | 7 8 |  8.0
Spellcasting   | 5 6 7 |  7.4
Air Magic      | 1 |  1.9
Poison Magic   | 1 |  1.4

Action                     |  1- 3 |  4- 6 |  7- 9 | 10-12 | 13-15 | 16-18 || total
---------------------------+-------+-------+-------+-------+-------+-------++-------
  Melee: Unarmed           |   111 |   105 |       |       |       |       ||   216
         Kick              |    22 |    42 |   139 |   354 |   805 |    77 ||  1439
         Peck              |    14 |    27 |    64 |   244 |   540 |    60 ||   949
         Punch             |     2 |     3 |    14 |    41 |    91 |    10 ||   161
         Short sword       |       |    54 |   305 |   807 |  1303 |   120 ||  2589
         Scimitar          |       |       |       |    54 |   425 |    68 ||   547
         Falchion          |       |       |       |    24 |       |       ||    24
   Fire: Orcbow            |       |       |       |    16 |   187 |    47 ||   250
  Throw: Throwing net      |       |       |     2 |     2 |     2 |       ||     6
         Dart              |       |       |       |    11 |     3 |     1 ||    15
         Javelin           |       |       |       |       |    10 |       ||    10
         Boomerang         |       |       |       |       |     1 |       ||     1
   Cast: Kiss of Death     |       |       |       |     1 |     1 |       ||     2
         Vampiric Draining |       |       |       |       |    16 |       ||    16
         Animate Dead      |       |       |       |       |     4 |     1 ||     5
 Invoke: Curse Item        |     1 |     2 |       |     2 |     3 |       ||     8
         Shatter the Chain |       |       |       |       |     2 |     2 ||     4
  Evoke: Wand              |       |     1 |     5 |    10 |    19 |     3 ||    38
         Lightning rod     |       |       |       |     3 |    15 |       ||    18
         Phial of floods   |       |       |       |     1 |     2 |       ||     3
         Condenser vane    |       |       |       |       |     1 |     1 ||     2
         Box of beasts     |       |       |       |       |       |     1 ||     1
    Use: Scroll            |       |     1 |       |     4 |    17 |     2 ||    24
         Potion            |       |     2 |       |       |    11 |     6 ||    19
   Stab: Sleeping          |       |     1 |       |     2 |     1 |     2 ||     6
         Held in net/web   |       |       |       |     1 |     3 |       ||     4
         Distracted        |       |       |       |       |     2 |       ||     2
 Armour: Leather armour    |    29 |     6 |       |       |       |       ||    35
         Ring mail         |       |    50 |    49 |   162 |    59 |    13 ||   333
         Chain mail        |       |       |       |       |   562 |    70 ||   632
         Skin              |       |       |       |       |       |    50 ||    50
  Dodge: Dodged            |    75 |   111 |   131 |   421 |   833 |   120 ||  1691

Table legend: (Time is in decaauts)
 A = Elapsed time spent in this place.
 B = Non-inter-level travel time spent in this place.
 C = Inter-level travel time spent in this place.
 D = Time resting spent in this place.
 E = Time spent auto-exploring this place.
 F = Levels seen in this place.
 G = Mean time per level.
                   A        B        C        D        E       F      G
               +--------+--------+--------+--------+--------+-----+--------+
         Total |  47430 |  46072 |   1358 |  25981 |  10981 |  23 | 2062.2 |
       Dungeon |  25286 |  24401 |    885 |  11990 |   7788 |  15 | 1685.7 |
          Lair |  18577 |  18237 |    340 |  12696 |   2393 |   5 | 3715.4 |
     Snake Pit |   1032 |   1032 |      0 |    646 |    174 |   1 | 1032.0 |
  Orcish Mines |   2533 |   2401 |    132 |    648 |    624 |   2 | 1266.5 |
               +--------+--------+--------+--------+--------+-----+--------+

Top non-repeatable levels by time:
  Lair:4: 6066 daAuts
  Lair:5: 4112 daAuts
  Lair:2: 3765 daAuts
  Lair:1: 3387 daAuts
    D:14: 2624 daAuts
     D:9: 2564 daAuts
    D:11: 2381 daAuts
    D:15: 2362 daAuts
     D:8: 2108 daAuts
    D:10: 1828 daAuts
     D:7: 1737 daAuts
    D:12: 1658 daAuts
    D:13: 1608 daAuts
   Orc:2: 1490 daAuts
  Lair:3: 1247 daAuts
